[Event "Titled Tuesday Blitz February 22 Late 2022"]
[White "Golubka, Petro"]
[Black "Yordanov, Nikolay Plamenov"]
[WhiteFideId "14114224"]
[BlackFideId "2907445"]
[WhiteElo "2392"]
[BlackElo "2248"]
[Result "1/2-1/2"]
[Round "09"]
[TimeControl "180+1"]
[Date "2022.02.22"]
[WhiteClock "0:01:43"]
[BlackClock "0:00:17"]

1. e4 c5 2. Nf3 Nc6 3. Bb5 e6 4. Bxc6 bxc6 5. b3 Ne7 6. Bb2 d5 7. Nc3 Ng6 8. h4 Bd6 9. h5 Ne7 10. h6 Rg8 11. hxg7 d4 12. Na4 Rxg7 13. g3 e5 14. Nh4 Bg4 15. f3 Be6 16. g4 c4 17. d3 c3 18. Bc1 Ng6 19. Nf5 Bxf5 20. exf5 Nf4 21. Bxf4 exf4 22. Qe2+ Kd7 23. O-O-O Qa5 24. Qe4 Qb4 25. f6 Qxa4 26. Qf5+ Kc7 27. bxa4 Ba3+ 28. Kb1 Rb8+ 29. Ka1 Bb2+ 30. Kb1 Ba3+ 31. Qb5 cxb5 32. fxg7 bxa4+ 33. Ka1 Bb2+ 34. Kb1 Ba3+ 35. Ka1 Bb2+ 36. Kb1 Ba3+ 1/2-1/2


[Site "https://www.chess.com"]

[Event "Titled Tuesday Blitz February 22 Late 2022"]
[White "Gomez Ledo, Roberto Carlos"]
[Black "Timofeev, Artyom"]
[WhiteFideId "3507076"]
[BlackFideId "4140419"]
[WhiteElo "2379"]
[BlackElo "2583"]
[Result "0-1"]
[Round "09"]
[TimeControl "180+1"]
[Date "2022.02.22"]
[WhiteClock "0:00:03"]
[BlackClock "0:00:36"]

1. d4 d5 2. Bf4 c5 3. c3 Nc6 4. Nf3 Nf6 5. Nbd2 e6 6. e3 Bd6 7. Bg3 O-O 8. Bd3 b6 9. e4 Be7 10. e5 Nd7 11. a3 a5 12. Qe2 Ndb8 13. h4 h6 14. Bf4 Ba6 15. Bxa6 Nxa6 16. Qe3 f6 17. Rh3 cxd4 18. cxd4 fxe5 19. Nxe5 Nxe5 20. Bxe5 Bf6 21. Nf3 Nc7 22. Rg3 Kh7 23. Qd3+ Kh8 24. Qg6 Ne8 25. Kf1 Ra7 26. Re1 Raf7 27. Kg1 Nd6 28. Ng5 hxg5 29. hxg5 Kg8 30. Rh3 Rd7 31. gxf6 Rxf6 32. Bxf6 Qxf6 33. Qh7+ Kf7 34. Rf3 Nf5 35. g4 Qg5 0-1


[Site "https://www.chess.com"]

[Event "Titled Tuesday Blitz February 22 Late 2022"]
[White "Gupta, Abhijeet"]
[Black "Naroditsky, Daniel"]
[WhiteFideId "5010608"]
[BlackFideId "2026961"]
[WhiteElo "2549"]
[BlackElo "2608"]
[Result "0-1"]
[Round "09"]
[TimeControl "180+1"]
[Date "2022.02.22"]
[WhiteClock "0:00:13"]
[BlackClock "0:00:08"]

1. d4 Nf6 2. Nf3 g6 3. c4 Bg7 4. Nc3 O-O 5. e4 d6 6. h3 e5 7. d5 Nh5 8. g3 Qe8 9. Be2 f5 10. exf5 gxf5 11. Nh4 Nf6 12. Qc2 e4 13. Bg5 Na6 14. a3 Nc5 15. O-O-O a5 16. Ng2 a4 17. Kb1 Ra6 18. Be3 Nfd7 19. Nb5 Qd8 20. Nf4 Ne5 21. g4 Rb6 22. gxf5 Bxf5 23. Rhg1 Ng6 24. Ne6 Bxe6 25. dxe6 Qe7 26. Bxc5 dxc5 27. Rd7 Qxe6 28. Bg4 Qf6 29. Rxc7 Qxf2 30. Rg2 Qe1+ 31. Ka2 Rf1 32. Rc8+ Nf8 33. Bd1 Qxd1 34. Qxd1 Rxd1 35. Nc3 Rd4 36. Nd5 Re6 37. Rc7 Ng6 38. Rc8+ Bf8 39. Nf4 Rf6 40. Nh5 Rf7 41. h4 e3 42. Ng3 Rd2 43. Rg1 Nxh4 44. Nf5+ Rg2 45. Nh6+ Kg7 46. Rxg2+ Nxg2 47. Nxf7 Kxf7 48. Rc7+ Be7 0-1


[Site "https://www.chess.com"]

[Event "Titled Tuesday Blitz February 22 Late 2022"]
[White "Hakemi, Arman"]
[Black "Saraci, Nderim"]
[WhiteFideId "22520805"]
[BlackFideId "6351921"]
[WhiteElo "2208"]
[BlackElo "2573"]
[Result "0-1"]
[Round "09"]
[TimeControl "180+1"]
[Date "2022.02.22"]
[WhiteClock "0:01:17"]
[BlackClock "0:01:29"]

1. e4 c5 2. Nf3 e6 3. c3 Nf6 4. e5 Nd5 5. g3 Nc6 6. Bg2 d6 7. exd6 Bxd6 8. O-O O-O 9. d4 cxd4 10. Nxd4 Nce7 11. c4 Nf6 12. Bg5 Be5 13. Be3 Qc7 14. Qe2 a6 15. Nc3 Rd8 16. Rfd1 Bd7 17. Rac1 Rac8 18. b3 Nc6 19. Nxc6 Bxc6 20. Bb6 Qxb6 21. Qxe5 Qxf2+ 22. Kxf2 Ng4+ 23. Ke2 Nxe5 24. Bxc6 Nxc6 25. Ne4 Kf8 26. Ke3 Ke7 27. Nc5 Rc7 28. a3 e5 29. Rxd8 Nxd8 30. b4 Ne6 31. Nd3 f6 32. c5 Nd4 33. a4 Rd7 34. Rc3 Ke6 35. g4 h5 36. h3 hxg4 37. hxg4 g6 38. Nb2 Rh7 39. Nc4 Rh3+ 40. Kd2 Rh2+ 41. Kd3 Nc6 42. b5 Nb4+ 43. Ke4 f5+ 44. gxf5+ gxf5+ 45. Kf3 Rh3+ 0-1


[Site "https://www.chess.com"]

[Event "Titled Tuesday Blitz February 22 Late 2022"]
[White "Hakobyan, Aram"]
[Black "Terry, Renato"]
[WhiteFideId "13306677"]
[BlackFideId "3803457"]
[WhiteElo "2557"]
[BlackElo "2577"]
[Result "1/2-1/2"]
[Round "09"]
[TimeControl "180+1"]
[Date "2022.02.22"]
[WhiteClock "0:00:04"]
[BlackClock "0:00:04"]

1. e4 e6 2. d4 d5 3. Nc3 Nf6 4. Bg5 Bb4 5. e5 h6 6. Bd2 Bxc3 7. bxc3 Ne4 8. Bc1 c5 9. Ne2 Qa5 10. f3 Nxc3 11. Qd2 cxd4 12. Nxd4 Qc7 13. Bb2 Na4 14. Nb5 Qe7 15. Ba3 Qg5 16. f4 Qh4+ 17. g3 Qh5 18. Nd6+ Kd8 19. Be2 Qg6 20. Bd3 Qh5 21. O-O Nc6 22. Rae1 Nb6 23. Be2 Qg6 24. Bd3 Qh5 25. f5 Nd4 26. Qf2 Nxf5 27. Bxf5 exf5 28. Bc5 Na4 29. Bd4 Be6 30. Nxb7+ Kc7 31. Nc5 Nxc5 32. Bxc5 Kd7 33. Bd6 Rhc8 34. Rb1 f4 35. Rb7+ Kd8 36. Re7 Qg4 37. Qxf4 Qxf4 38. Rxf4 Rxc2 39. Rxe6 fxe6 40. Rf8+ Kd7 41. Rxa8 Rxa2 42. Rg8 a5 43. Rxg7+ Kc6 44. Ra7 d4 45. Kf1 d3 46. Ke1 Kd5 47. Kd1 Kc4 48. Rc7+ Kd4 49. h4 h5 50. Ra7 Kc3 51. Rc7+ Kd4 52. Bc5+ Kxe5 53. Be3 Ke4 54. Bf4 Ra1+ 55. Kd2 Ra2+ 56. Kd1 Ra1+ 57. Kd2 Ra2+ 58. Ke1 Ra1+ 59. Kd2 1/2-1/2


[Site "https://www.chess.com"]

[Event "Titled Tuesday Blitz February 22 Late 2022"]
[White "Hambleton, Aman"]
[Black "Sjugirov, Sanan"]
[WhiteFideId "2606577"]
[BlackFideId "4189302"]
[WhiteElo "2552"]
[BlackElo "2602"]
[Result "0-1"]
[Round "09"]
[TimeControl "180+1"]
[Date "2022.02.22"]
[WhiteClock "0:00:02"]
[BlackClock "0:02:09"]

1. d4 Nf6 2. c4 e6 3. Nc3 Bb4 4. Qc2 d5 5. a3 Bxc3+ 6. Qxc3 O-O 7. Nf3 b6 8. Bg5 dxc4 9. Qxc4 Ba6 10. Qa4 h6 11. Bh4 c5 12. dxc5 bxc5 13. Rc1 Qb6 14. Bxf6 gxf6 15. Qg4+ Kh7 16. Qe4+ f5 17. Qc2 Nd7 18. g4 Rab8 19. gxf5 Qxb2 20. fxe6+ Qxc2 21. Rxc2 fxe6 22. Rc1 Rb2 23. Nd2 Nf6 24. Bg2 Rd8 0-1


[Site "https://www.chess.com"]

[Event "Titled Tuesday Blitz February 22 Late 2022"]
[White "Hjartarson, Johann"]
[Black "Pichot, Alan"]
[WhiteFideId "2300044"]
[BlackFideId "110973"]
[WhiteElo "2484"]
[BlackElo "2543"]
[Result "1-0"]
[Round "09"]
[TimeControl "180+1"]
[Date "2022.02.22"]
[WhiteClock "0:00:12"]
[BlackClock "0:00:03"]

1. e4 c5 2. Nf3 e6 3. d4 cxd4 4. Nxd4 Nc6 5. Nc3 Qc7 6. Be2 Nf6 7. O-O a6 8. Kh1 Be7 9. f4 d6 10. a4 O-O 11. Be3 Bd7 12. Nb3 b6 13. g4 Bc8 14. g5 Nd7 15. Bf3 Bb7 16. Qd2 Rab8 17. h4 Rfe8 18. h5 Bf8 19. Qg2 Na5 20. Rad1 Nc4 21. Bc1 g6 22. Nd4 Bg7 23. b3 Na5 24. Bb2 e5 25. fxe5 Nxe5 26. Be2 Rbc8 27. Nd5 Bxd5 28. exd5 Qb7 29. c4 b5 30. axb5 axb5 31. Nxb5 Qd7 32. Ba3 Nb7 33. Rf4 Nc5 34. Qg3 Ra8 35. Bxc5 dxc5 36. Rdf1 Ra2 37. Re4 Nc6 38. Rxe8+ Qxe8 39. Bd3 Be5 40. Qf3 Qe7 41. Qxf7+ Qxf7 42. Rxf7 Kxf7 43. hxg6+ hxg6 44. dxc6 Ra8 45. Be4 Ke7 46. Kg2 Rf8 47. Bd5 Rf4 48. c7 Kd7 49. Be6+ Kxe6 50. c8=Q+ Ke7 51. Qb7+ 1-0


[Site "https://www.chess.com"]

[Event "Titled Tuesday Blitz February 22 Late 2022"]
[White "Holt, Conrad"]
[Black "Csonka, Balazs"]
[WhiteFideId "2034387"]
[BlackFideId "742910"]
[WhiteElo "2586"]
[BlackElo "2404"]
[Result "1-0"]
[Round "09"]
[TimeControl "180+1"]
[Date "2022.02.22"]
[WhiteClock "0:02:05"]
[BlackClock "0:00:41"]

1. d4 Nf6 2. c4 e6 3. Nc3 Bb4 4. Qc2 O-O 5. e4 d5 6. e5 Ne4 7. Bd3 c5 8. Nf3 cxd4 9. Nxd4 Nd7 10. Bf4 Qh4 11. g3 Qh5 12. O-O g5 13. cxd5 gxf4 14. Nxe4 exd5 15. Nf6+ Nxf6 16. exf6 Bh3 17. Rfd1 Rac8 18. Qe2 Bg4 19. f3 Bd7 20. gxf4 Bd6 21. Qg2+ 1-0


[Site "https://www.chess.com"]

[Event "Titled Tuesday Blitz February 22 Late 2022"]
[White "Horak, Martin"]
[Black "Wu, Christopher"]
[WhiteFideId "367095"]
[BlackFideId "2040875"]
[WhiteElo "1997"]
[BlackElo "2627"]
[Result "0-1"]
[Round "09"]
[TimeControl "180+1"]
[Date "2022.02.23"]
[WhiteClock "0:00:06"]
[BlackClock "0:01:15"]

1. d4 Nf6 2. c4 e6 3. g3 d5 4. Bg2 c6 5. Nf3 dxc4 6. Ne5 a6 7. O-O b5 8. Nxc6 Qb6 9. Nxb8 Rxb8 10. b3 cxb3 11. Qxb3 Bb7 12. Bxb7 Qxb7 13. a4 Be7 14. Bf4 Rd8 15. axb5 axb5 16. Nc3 b4 17. Rfd1 O-O 18. Na4 Nd5 19. Nc5 Qb5 20. Rac1 Nxf4 21. gxf4 Qxe2 22. Qe3 Qg4+ 23. Qg3 Qf5 24. Kh1 Bxc5 25. dxc5 Rxd1+ 26. Rxd1 Qxc5 27. Rg1 Qd5+ 28. f3 g6 29. h4 b3 30. Qf2 Rb8 0-1


[Site "https://www.chess.com"]

[Event "Titled Tuesday Blitz February 22 Late 2022"]
[White "Ibarra Jerez, Jose Carlos"]
[Black "Rustemov, Alexander"]
[WhiteFideId "2226332"]
[BlackFideId "4119002"]
[WhiteElo "2626"]
[BlackElo "2693"]
[Result "0-1"]
[Round "09"]
[TimeControl "180+1"]
[Date "2022.02.22"]
[WhiteClock "0:00:02"]
[BlackClock "0:00:08"]

1. d4 d5 2. Bf4 Nf6 3. e3 e6 4. Nd2 Bd6 5. Ngf3 O-O 6. Ne5 c5 7. c3 b6 8. Bd3 Ba6 9. Bxa6 Nxa6 10. Qf3 Qc7 11. h4 cxd4 12. exd4 Nc5 13. O-O Nce4 14. Nb3 Nd7 15. Nd3 a5 16. a4 Bxf4 17. Nxf4 Qc4 18. Qd1 b5 19. axb5 Qxb5 20. f3 Nd6 21. Nd3 Rfb8 22. Nbc1 a4 23. Nb4 Nf5 24. Qe1 Nxd4 25. h5 h6 26. Ncd3 Nc2 27. Nxc2 Qxd3 28. Nb4 Qc4 29. Qg3 Nf6 30. Qe5 Qh4 31. Rxa4 Qxh5 32. Qc7 Rxa4 33. Qxb8+ Kh7 34. Nc6 Qg5 35. Qb6 Rh4 36. Qf2 Nh5 37. g4 Nf4 38. Qc2+ g6 39. Re1 h5 40. Ne5 hxg4 41. Nxf7 Qf6 42. Ne5 gxf3 43. Nxf3 Rg4+ 44. Kf1 Nh5 45. Qf2 Rf4 46. Re3 e5 47. Ke1 e4 48. Qd2 Rxf3 49. Re2 Rf1# 0-1


[Site "https://www.chess.com"]

[Event "Titled Tuesday Blitz February 22 Late 2022"]
[White "Jobava, Baadur"]
[Black "Moroni, Luca Jr"]
[WhiteFideId "13601520"]
[BlackFideId "865834"]
[WhiteElo "2617"]
[BlackElo "2573"]
[Result "1-0"]
[Round "09"]
[TimeControl "180+1"]
[Date "2022.02.22"]
[WhiteClock "0:00:16"]
[BlackClock "0:00:05"]

1. e4 d6 2. d4 e5 3. dxe5 dxe5 4. Qxd8+ Kxd8 5. Bc4 f6 6. f4 Nd7 7. Nf3 Bd6 8. f5 c6 9. Ke2 Kc7 10. Rd1 Nb6 11. Bb3 Ne7 12. Be3 Rd8 13. a4 a5 14. Nbd2 c5 15. c3 Bd7 16. g4 Bc6 17. Bc2 h6 18. h4 Rh8 19. Rg1 g5 20. Rh1 Rag8 21. Bb3 Rd8 22. Rh2 h5 23. Rg2 hxg4 24. Rxg4 gxh4 25. Nxh4 Rh7 26. Nhf3 Rdh8 27. Bc2 Rh1 28. Rgg1 Rxg1 29. Bxg1 Ng8 30. Be3 Nh6 31. Rh1 Nf7 32. Rxh8 Nxh8 33. b3 Nf7 34. Bd3 Bf8 35. Nh2 Nd7 36. Ng4 Nd6 37. Bf2 Be7 38. Bh4 b6 39. Ne3 Kd8 40. Kf3 b5 41. axb5 Nxb5 42. Nd5 Bxd5 43. Bxb5 Bb7 44. Nc4 Kc7 45. Nxa5 Ba8 46. Nc4 Nf8 47. Nxe5 Nh7 48. Ng6 Bd6 49. Bc4 Kb6 50. Bd5 Bxd5 51. exd5 c4 52. b4 Kb5 53. Ke4 Ka4 54. Kd4 Kb5 55. Ke3 Ka4 56. Ke4 Kb5 57. Kd4 Bb8 58. Ke4 Bd6 59. Kf3 Ka4 60. Bg3 Bxg3 61. Kxg3 Ng5 62. Kf4 Nf7 63. Ke4 Kb3 64. Kd4 Nd6 65. Kc5 Ne4+ 66. Kc6 Nxc3 67. d6 Na2 68. d7 Nxb4+ 69. Kd6 c3 70. Nf4 c2 71. Ne2 Kc4 72. d8=Q Kd3 73. Nc1+ Kd2 74. Qa5 1-0


[Site "https://www.chess.com"]

[Event "Titled Tuesday Blitz February 22 Late 2022"]
[White "Jones, Gawain C B"]
[Black "Deac, Bogdan-Daniel"]
[WhiteFideId "409561"]
[BlackFideId "1226380"]
[WhiteElo "2657"]
[BlackElo "2646"]
[Result "1/2-1/2"]
[Round "09"]
[TimeControl "180+1"]
[Date "2022.02.22"]
[WhiteClock "0:00:07"]
[BlackClock "0:00:11"]

1. Nf3 d5 2. g3 Nf6 3. Bg2 e6 4. O-O Be7 5. d3 O-O 6. Nbd2 Nc6 7. e4 dxe4 8. Nxe4 Nxe4 9. dxe4 Qxd1 10. Rxd1 e5 11. Be3 f6 12. Bf1 Be6 13. Bb5 a6 14. Bxc6 bxc6 15. Nd2 a5 16. Nb3 Rfb8 17. a4 Bxb3 18. cxb3 Rxb3 19. Rac1 Rxb2 20. Rd7 Bf8 21. Rxc6 Rb4 22. Bc5 Rc4 23. Rdxc7 Rxe4 24. Bxf8 Rxf8 25. Ra6 Rxa4 26. h3 Kh8 27. Kg2 h5 28. Raa7 Rg8 29. Ra6 Ra3 30. Rc5 Kh7 31. Rcxa5 Rd3 32. Ra3 Rd2 33. g4 hxg4 34. hxg4 Kg6 35. Ra2 Rd4 36. Kg3 Rgd8 37. R2a3 Rf4 38. Ra7 Rg8 39. f3 Kg5 40. R3a4 g6 41. Rxf4 exf4+ 42. Kg2 Rd8 43. Ra5+ Kh4 44. Ra2 Rd3 45. Re2 Rd5 46. Ra2 Rc5 47. Re2 f5 48. gxf5 Rxf5 49. Re4 g5 50. Re8 Kh5 51. Rh8+ Kg6 52. Rg8+ Kf7 53. Ra8 Rc5 54. Ra2 Kg6 55. Kh3 Kh5 56. Kg2 Rc3 57. Rb2 Kh4 58. Ra2 Kh5 59. Rb2 Kh4 60. Ra2 Re3 61. Rb2 g4 62. fxg4 Kxg4 63. Rb8 Re2+ 64. Kf1 Kf3 65. Rb3+ Re3 66. Rb2 Ra3 67. Rf2+ Kg3 68. Rg2+ Kf3 69. Rf2+ Kg4 70. Rg2+ Rg3 71. Kf2 Rxg2+ 72. Kxg2 f3+ 73. Kf2 Kf4 74. Kf1 Kg3 75. Kg1 f2+ 76. Kf1 Kf3 1/2-1/2


[Site "https://www.chess.com"]

[Event "Titled Tuesday Blitz February 22 Late 2022"]
[White "Kobo, Ori"]
[Black "Loay, Sameer"]
[WhiteFideId "2812320"]
[BlackFideId "8104239"]
[WhiteElo "2420"]
[BlackElo "2040"]
[Result "1-0"]
[Round "09"]
[TimeControl "180+1"]
[Date "2022.02.22"]
[WhiteClock "0:00:18"]
[BlackClock "0:00:07"]

1. Nc3 Nf6 2. e4 d6 3. d4 g6 4. Nf3 Bg7 5. Be3 O-O 6. Qd2 Ng4 7. Bg5 h6 8. Bh4 g5 9. Bg3 c5 10. h3 cxd4 11. Nxd4 Ne5 12. h4 g4 13. Be2 Nbc6 14. Nf5 Bxf5 15. exf5 Qb6 16. Rb1 Rfc8 17. Nd5 Qd8 18. c3 Qd7 19. Qf4 e6 20. Ne3 exf5 21. Nxf5 Qe6 22. O-O h5 23. Rfe1 Qg6 24. Bb5 Bf8 25. Rbd1 a6 26. Ba4 b5 27. Bc2 Qf6 28. Qe4 Ng6 29. Nxd6 Rc7 30. Ne8 Rxe8 31. Qxe8 Nce5 32. Bxe5 Nxe5 33. Qxe5 Qxe5 34. Rxe5 Be7 35. Rxh5 Bf6 36. Rd6 Kg7 37. Rh7+ Kf8 38. Rxf6 Re7 39. Kh2 Re2 40. Rfxf7+ Ke8 41. Bg6 b4 42. Ra7+ 1-0


[Site "https://www.chess.com"]

[Event "Titled Tuesday Blitz February 22 Late 2022"]
[White "Kosakowski, Jakub"]
[Black "Svane, Rasmus"]
[WhiteFideId "1185080"]
[BlackFideId "4657101"]
[WhiteElo "2476"]
[BlackElo "2645"]
[Result "0-1"]
[Round "09"]
[TimeControl "180+1"]
[Date "2022.02.22"]
[WhiteClock "0:00:18"]
[BlackClock "0:00:27"]

1. d4 Nf6 2. c4 e6 3. Nf3 d5 4. g3 h6 5. Bg2 Bd6 6. O-O O-O 7. Qc2 b6 8. Bf4 Bb7 9. Nbd2 Bxf4 10. gxf4 c5 11. dxc5 bxc5 12. cxd5 Nxd5 13. e3 Nd7 14. a3 Rb8 15. Rfd1 Ba6 16. Ne4 Qb6 17. Nc3 N5f6 18. b4 Rfc8 19. Na4 Qb5 20. Bf1 Qc6 21. Bxa6 Qxa6 22. Nxc5 Nxc5 23. bxc5 Rb5 24. Rac1 Rbxc5 25. Rd8+ Rxd8 26. Qxc5 Qe2 27. Ne5 Ne4 28. Qc2 Rd2 29. Qc8+ Kh7 30. Rf1 Nxf2 0-1


[Site "https://www.chess.com"]

[Event "Titled Tuesday Blitz February 22 Late 2022"]
[White "Kovanova, Baira"]
[Black "Zong, Davis"]
[WhiteFideId "4164083"]
[BlackFideId "30903955"]
[WhiteElo "2190"]
[BlackElo "2061"]
[Result "1-0"]
[Round "09"]
[TimeControl "180+1"]
[Date "2022.02.23"]
[WhiteClock "0:00:18"]
[BlackClock "0:00:07"]

1. e4 e5 2. Nf3 Nc6 3. Bb5 a6 4. Ba4 Nf6 5. O-O Be7 6. d3 b5 7. Bb3 O-O 8. c3 d6 9. Nbd2 Na5 10. Bc2 c5 11. Re1 Nc6 12. Nf1 Qc7 13. h3 Re8 14. Ng3 d5 15. d4 cxd4 16. cxd4 dxe4 17. Nxe4 Bb7 18. dxe5 Nxe5 19. Nxe5 Qxe5 20. Ng5 Qd5 21. Qxd5 Bxd5 22. Be3 Rac8 23. Bb3 h6 24. Nf3 Bb4 25. Red1 Bxb3 26. axb3 Rc2 27. Rxa6 Rxb2 28. Rb6 Ne4 29. Rxb5 Nc3 30. Bd4 1-0


[Site "https://www.chess.com"]

[Event "Titled Tuesday Blitz February 22 Late 2022"]
[White "Kujawski, Adam"]
[Black "Ardila, Oscar Humberto"]
[WhiteFideId "1100920"]
[BlackFideId "4404742"]
[WhiteElo "2053"]
[BlackElo "1898"]
[Result "1-0"]
[Round "09"]
[TimeControl "180+1"]
[Date "2022.02.23"]
[WhiteClock "0:00:11"]
[BlackClock "0:01:38"]

1. e4 e5 2. Nf3 Nc6 3. Bb5 Nf6 4. O-O Bc5 5. Nxe5 Bxf2+ 6. Rxf2 Nxe5 7. d4 Neg4 8. Rf1 c6 9. Be2 h5 10. e5 Nd5 11. Bxg4 hxg4 12. Qxg4 d6 13. Qxg7 Rf8 14. Bh6 Qe7 15. Qxf8+ Qxf8 16. Bxf8 Kxf8 17. exd6 Ne3 18. Rf2 Bf5 19. Na3 Bg6 20. Re1 Nd5 21. c4 Nb6 22. c5 Nd5 23. Nc4 Kg7 24. Ne5 b6 25. Nxg6 Kxg6 26. Re4 bxc5 27. dxc5 f5 28. Re5 f4 29. Rxd5 cxd5 30. c6 Kf6 31. Re2 d4 32. Kf2 d3 33. Re4 d2 34. Ke2 Rd8 35. d7 Kf5 36. Re8 1-0


[Site "https://www.chess.com"]

[Event "Titled Tuesday Blitz February 22 Late 2022"]
[White "Lehtosaari, Mauri"]
[Black "Goltsev, Dmitry"]
[WhiteFideId "501999"]
[BlackFideId "24176710"]
[WhiteElo "2450"]
[BlackElo "2273"]
[Result "0-1"]
[Round "09"]
[TimeControl "180+1"]
[Date "2022.02.23"]
[WhiteClock "0:00:06"]
[BlackClock "0:00:30"]

1. d4 Nf6 2. Nf3 e6 3. Bg5 b6 4. Nbd2 Bb7 5. e3 Be7 6. Bd3 h6 7. Bh4 d6 8. O-O Nbd7 9. c4 e5 10. dxe5 dxe5 11. Qc2 O-O 12. Rfd1 Qe8 13. Ne4 Nxe4 14. Bxe4 Bxe4 15. Qxe4 Bxh4 16. Nxh4 Nc5 17. Qf5 Rd8 18. b3 Qe7 19. Nf3 Rxd1+ 20. Rxd1 Rd8 21. Rxd8+ Qxd8 22. h4 e4 23. Ne5 f6 24. Ng6 Qd1+ 25. Kh2 Qd6+ 26. g3 Qe6 27. Qf4 Qd6 28. Qf5 Qd7 29. Qf4 Nd3 30. Qxe4 Nxf2 31. Qa8+ Kf7 32. h5 Ng4+ 33. Kg1 Qd1+ 34. Kg2 Qe2+ 35. Kh3 Nf2+ 36. Kh2 Ne4+ 37. Kh3 Qxh5+ 38. Nh4 Ng5+ 39. Kh2 Qe2+ 40. Kh1 Qxe3 41. Qd5+ Qe6 42. Qd3 a5 43. Qg6+ Kf8 44. Nf5 Qf7 45. Qxf7+ Kxf7 46. Kg2 Ne4 47. Kf3 Nc3 48. a3 a4 49. bxa4 Nxa4 50. Nd4 Nb2 51. Nb5 Nxc4 52. Nxc7 Nxa3 53. Nd5 b5 54. Ke4 b4 55. Kd4 b3 56. Kc3 Nb5+ 57. Kxb3 Nd4+ 58. Kc4 Nf5 59. g4 Nd6+ 60. Kd4 g6 61. Ke3 Nc4+ 62. Kf4 Ne5 63. Ne3 Ke6 64. Nc2 g5+ 65. Kg3 f5 66. gxf5+ Kxf5 67. Ne3+ Kg6 68. Nd5 h5 69. Ne3 h4+ 70. Kh3 Kh5 71. Nf5 g4+ 72. Kg2 Kg5 73. Nd4 Nd3 74. Ne6+ Kf5 75. Nd4+ Ke4 76. Ne6 Nf4+ 77. Nxf4 Kxf4 0-1


[Site "https://www.chess.com"]

[Event "Titled Tuesday Blitz February 22 Late 2022"]
[White "Leitao, Rafael"]
[Black "Gracia Alvarez, Gerardo Antonio"]
[WhiteFideId "2101246"]
[BlackFideId "5109124"]
[WhiteElo "2609"]
[BlackElo "2139"]
[Result "1-0"]
[Round "09"]
[TimeControl "180+1"]
[Date "2022.02.23"]
[WhiteClock "0:00:21"]
[BlackClock "0:00:01"]

1. c4 g6 2. Nc3 Bg7 3. d4 Nf6 4. e4 d6 5. Be2 O-O 6. Be3 e5 7. d5 Na6 8. h4 Nc5 9. Qc2 h5 10. f3 a5 11. Nh3 Bd7 12. Ng5 b6 13. b3 Qe7 14. O-O-O Na6 15. a3 Nc5 16. Bxc5 bxc5 17. a4 Rab8 18. Nb5 Bxb5 19. cxb5 Bh6 20. Kb1 Nh7 21. Nxh7 Kxh7 22. g3 Kh8 23. Bf1 Be3 24. Bh3 Bd4 25. g4 Qxh4 26. gxh5 g5 27. Bg4 Qf2 28. Qxf2 Bxf2 29. Kc2 f6 30. Kd3 Bd4 31. h6 Rf7 32. Bf5 Rb6 33. Ke2 Rb8 34. Kf1 Rbf8 35. Kg2 Rb8 36. Kg3 Rbf8 37. Kg4 Rb8 38. Be6 Rff8 39. h7 Rbe8 40. Rh6 Re7 41. Rdh1 Rg7 42. Bg8 Be3 43. R6h5 Bd4 44. Kf5 Be3 45. R1h3 g4 46. fxg4 Rg5+ 47. Rxg5 fxg5+ 48. Ke6 Bd4 49. Kd7 Rf4 50. Kxc7 c4 51. bxc4 Rxe4 52. b6 Be3 53. Rxe3 1-0


[Site "https://www.chess.com"]

[Event "Titled Tuesday Blitz February 22 Late 2022"]
[White "Levine, David"]
[Black "Vine, Elzbieta"]
[WhiteFideId "2011611"]
[BlackFideId "1119320"]
[WhiteElo "2156"]
[BlackElo "1874"]
[Result "1-0"]
[Round "09"]
[TimeControl "180+1"]
[Date "2022.02.23"]
[WhiteClock "0:00:18"]
[BlackClock "0:00:01"]

1. d4 d5 2. c4 dxc4 3. Nf3 Nf6 4. e3 Be6 5. Na3 Nc6 6. Nxc4 Bd5 7. Bd3 e6 8. O-O Be7 9. a3 O-O 10. Qc2 Qd7 11. e4 Bxc4 12. Qxc4 Rfd8 13. e5 Nd5 14. Be3 Nxe3 15. fxe3 f6 16. exf6 Bxf6 17. Rad1 Ne7 18. b4 a5 19. b5 Qd6 20. Qb3 Nd5 21. Bb1 a4 22. Qc2 g6 23. Qd3 Be7 24. h4 Qxa3 25. e4 Ne3 26. Qe2 Nxd1 27. Rxd1 Qb3 28. h5 1-0


[Site "https://www.chess.com"]

[Event "Titled Tuesday Blitz February 22 Late 2022"]
[White "Levine, Joseph"]
[Black "Peterson, Eric"]
[WhiteFideId "30940346"]
[BlackFideId "14908395"]
[WhiteElo "1802"]
[BlackElo "2195"]
[Result "1/2-1/2"]
[Round "09"]
[TimeControl "180+1"]
[Date "2022.02.23"]
[WhiteClock "0:00:44"]
[BlackClock "0:01:27"]

1. e4 e6 2. Nf3 d5 3. exd5 exd5 4. d4 Bd6 5. Bd3 Ne7 6. O-O Nbc6 7. c3 Bg4 8. Re1 Qd7 9. h3 Bh5 10. Nbd2 Bg6 11. Nf1 O-O 12. Bg5 f6 13. Bh4 Nf5 14. Bg3 Nxg3 15. Nxg3 Bxd3 16. Qxd3 Bxg3 17. fxg3 Rae8 18. g4 Ne7 19. Nh4 Nc8 20. Nf5 Nd6 21. Nxd6 Qxd6 22. Qf3 c6 23. Kf2 Qd7 24. Qf5 Qxf5+ 25. gxf5 Kf7 26. g4 g6 27. fxg6+ hxg6 28. Rxe8 Rxe8 29. Re1 Rxe1 30. Kxe1 g5 31. Kf2 Kg6 32. Kg3 Kg7 33. Kf3 Kg6 34. a4 a5 35. b4 b6 36. Kg3 Kh6 37. h4 gxh4+ 38. Kxh4 Kg6 39. Kh3 Kg5 40. Kg3 f5 41. gxf5 Kxf5 42. Kf3 Kg5 43. Kg3 Kf5 44. Kf3 Kg5 45. Kg3 Kf5 1/2-1/2


[Site "https://www.chess.com"]

[Event "Titled Tuesday Blitz February 22 Late 2022"]
[White "Lewtak, Damian"]
[Black "Sharafiev, Azat"]
[WhiteFideId "1141724"]
[BlackFideId "4186214"]
[WhiteElo "2361"]
[BlackElo "2299"]
[Result "1-0"]
[Round "09"]
[TimeControl "180+1"]
[Date "2022.02.22"]
[WhiteClock "0:00:07"]
[BlackClock "0:00:04"]

1. e4 c5 2. Nc3 Nc6 3. Nf3 e6 4. Bb5 Nd4 5. O-O a6 6. Bd3 Ne7 7. Nxd4 cxd4 8. Ne2 Nc6 9. c3 Bc5 10. Qa4 Qf6 11. b4 Ba7 12. b5 axb5 13. Qxb5 O-O 14. Bb2 e5 15. cxd4 exd4 16. f4 d6 17. Ng3 Bc5 18. a3 Ra5 19. Qb3 Qd8 20. Qc2 h6 21. Kh1 Bd7 22. Bc4 Qa8 23. Qd3 b5 24. Bb3 b4 25. a4 Qa7 26. Bc2 Ne7 27. e5 g6 28. f5 Nxf5 29. Nxf5 gxf5 30. Qg3+ Kh8 31. Qh3 Kg7 32. Bxf5 Bxf5 33. Qxf5 Qe7 34. exd6 Qxd6 35. Rf3 Qe6 36. Rg3+ Kh8 37. Qf4 Bd6 38. Bxd4+ f6 39. Qxh6# 1-0


[Site "https://www.chess.com"]

[Event "Titled Tuesday Blitz February 22 Late 2022"]
[White "Liang, Jason"]
[Black "Farmani Anosheh, Armin"]
[WhiteFideId "30940303"]
[BlackFideId "24613240"]
[WhiteElo "1976"]
[BlackElo "2289"]
[Result "1-0"]
[Round "09"]
[TimeControl "180+1"]
[Date "2022.02.23"]
[WhiteClock "0:00:58"]
[BlackClock "0:00:05"]

1. c3 d5 2. d3 e5 3. d4 e4 4. Bf4 h5 5. h4 Bd6 6. Bxd6 Qxd6 7. Qa4+ Nd7 8. e3 Nf6 9. Nh3 O-O 10. Nf4 c5 11. Qa3 b6 12. c4 Qc7 13. Nc3 Bb7 14. Rd1 dxc4 15. Bxc4 cxd4 16. Rxd4 Ne5 17. Be2 Rfd8 18. Rxd8+ Rxd8 19. O-O Nf3+ 20. gxf3 exf3 21. Bb5 Qc8 22. Rd1 Qg4+ 23. Kf1 Rxd1+ 24. Nxd1 Qxh4 25. Ke1 Ne4 26. Qxa7 Bc6 27. Qb8+ Kh7 28. Qxb6 Bxb5 29. Qxb5 Qd8 30. Qf5+ g6 31. Qxe4 Qa5+ 32. b4 Qxa2 33. Qxf3 Qb1 34. Nd5 f5 35. Qf4 Qa1 36. Qc7+ Kh6 37. Qf4+ Kh7 38. Qg5 1-0


[Site "https://www.chess.com"]